 Dungeon Crawl Stone Soup version 0.32-a0-630-g46d191b0ed (webtiles) character file.

Game seed: 14263477640359617122

373 ezpacito the Chopper (level 6, -12/48 HPs)
             Began as a Coglin Chaos Knight on Mar 7, 2024.
             Was a Plaything of Xom.
             Killed by an exploding polar bear (34 damage)
             ... ignited by their inner flame
             ... on level 4 of the Dungeon.
             The game lasted 00:05:30 (3374 turns).

ezpacito the Chopper (Coglin Chaos Knight)          Turns: 3374, Time: 00:05:30

Health: -12/48     AC: 13    Str: 14      XL:     6   Next: 71%
Magic:  8/8        EV:  7    Int:  8 (11) God:    Xom [..*...]
Gold:   307        SH:  0    Dex: 13 (14) Spells: 7/7 levels left

rFire   . . .        a - +0 hand axe (chaos) {Leofsige}
rCold   . . .        v - +0 spear (drain) {Chiraphon}
rNeg    . . .        d - +1 chain mail
rPois   .            (no helmet)
rElec   .            r - +0 cloak
rCorr   .            p - +0 pair of gloves
SInv    .            e - +0 pair of boots
Will    .....        (amulet unavailable) Stlth
                     (ring unavailable)
HPRegen 0.28/turn    (ring unavailable)
MPRegen 0.11/turn    (no gizmo)

%: no passive effects
@: revved
A: off-hand wielding, slow wielding, warmup strikes, no jewellery
a: Invent Gizmo, Renounce Religion


You were on level 4 of the Dungeon.
You worshipped Xom.
You were a toy of Xom.
You visited 1 branch of the dungeon, and saw 4 of its levels.

You collected 307 gold pieces.

Inventory:

Hand Weapons
 a - a +0 hand axe of chaos (weapon) {Leofsige}
 l - a +0 battleaxe
 v - a +0 spear of draining (offhand) {Chiraphon}
Missiles
 c - a throwing net
 h - 5 poisoned darts (quivered)
Armour
 d - a +1 chain mail (worn)
 e - a +0 pair of boots (worn)
 p - a +0 pair of gloves (worn)
 r - a +0 cloak (worn)
Talismans
 k - a flux talisman
Scrolls
 m - a scroll of silence
 n - a scroll of enchant weapon
 o - 2 scrolls of fog


   Skills:
 * Level 4.0 Fighting
 * Level 4.1(4.2) Axes
 + Level 1.4(2.8) Polearms
 * Level 3.1 Armour
 * Level 2.5 Dodging
 + Level 1.3 Stealth
 + Level 1.4 Spellcasting


You had 7 spell levels left.
You didn't know any spells.
Your spell library contained the following spells:

 Spells                   Type           Power      Damage    Failure   Level
 Blink                    Tloc           0%         N/A       100%        2
 Lesser Beckoning         Tloc           0%         N/A       100%        2
 Momentum Strike          Conj/Tloc      0%         3d8       100%        2


Dungeon Overview and Level Annotations

Branches:
Dungeon (4/15)
 Temple: D:4-7

Altars:


Innate Abilities, Weirdness & Mutations

You can wield a second weapon in your off-hand.
It takes a long time for you to wield or remove held weapons.
Your first few attacks do less damage.
You cannot equip rings or amulets.


Message History

As you read the scroll labelled QAWUMM UTHY, it crumbles to dust.
It is a scroll of enchant armour.
Your +0 chain mail glows green for a moment.
An ice beast comes into view.
The polar bear bites you. The polar bear barely misses you.
The polar bear claws you.
You take 5 damage, and have 28/48 hp.
As you read the scroll labelled ZIODOU JUSHRUOG, it crumbles to dust.
It is a scroll of brand weapon.
Your +0 spear {Chiraphon} craves living souls!
v - a +0 spear of draining (offhand) {Chiraphon} The polar bear bites you!
The polar bear claws you but does no damage.
The polar bear barely misses you.
You take 7 damage, and have 21/48 hp.
You hit the polar bear but do no damage.
The polar bear is heavily wounded.
You hit the polar bear with your +0 spear of draining.
Flame seeps out of the polar bear. x2; You drain the polar bear.
The polar bear is engulfed in blazing flames.
Flame seeps out of the polar bear.
The polar bear bites you but does no damage.
The polar bear claws you but does no damage. x2
You hit the polar bear but do no damage.
The polar bear is severely wounded.
You hit the polar bear with your +0 hand axe of chaos.
Flame seeps out of the polar bear.
The polar bear is engulfed in blazing flames.
Flame seeps out of the polar bear.
The polar bear goes berserk!
Xom thinks this is hilarious!
You barely miss the polar bear with your +0 spear of draining.
The polar bear is almost dead.
You hit the polar bear but do no damage.
The polar bear is poisoned.
The polar bear is engulfed in blazing flames.
The polar bear explodes!
The fiery explosion engulfs you!!
Ouch! That really hurt!
You die...
Xom cackles wildly!

.. ## ##. .. .. .###
##.# ...#### #..
##.#<....
.########.####......##
.......#.........# ..#
# #...§.#..####.###
#.# # #.Y.§°@).####.##
#.### #...§.§####....#
#.#.. #.....##
#....####.#.# #.....
#....##.....# #.....
#.......#..## ######
#....####.... #....#
#.... #....# #....
###### #....


You could see an ice beast.

Vanquished Creatures
  A polar bear (D:4)
  A phantom (D:4)
  11 gnolls (D:3)
  3 adders
  4 dart slugs
  3 ribbon worms (D:2)
  2 orcs (D:3)
  11 endoplasms
  3 giant cockroaches
  32 goblins
  31 hobgoblins
  8 jackals
  6 kobolds
  2 quokkas
  4 ball pythons
  4 bats
  5 frilled lizards
  6 rats
137 creatures vanquished.

Vanquished Creatures (others)
  A goblin zombie (D:1)
1 creature vanquished.

Grand Total: 138 creatures vanquished

Notes
Turn   | Place    | Note
-------+----------+-------------------------------------------
     0 | D:1      | ezpacito the Coglin Chaos Knight began the quest for the
                  | Orb.
     0 | D:1      | Reached XP level 1. HP: 18/18 MP: 1/1
    67 | D:1      | XOM: divination: magic mapping
    98 | D:1      | Reached skill level 1 in Dodging
   132 | D:1      | Reached XP level 2. HP: 19/24 MP: 2/2
   257 | D:1      | Reached XP level 3. HP: 29/29 MP: 3/3
   580 | D:1      | XOM: divination: detect items
   588 | D:1      | Found a faded altar of an unknown god.
  1065 | D:2      | Reached XP level 4. HP: 27/35 MP: 4/4
  1291 | D:2      | Reached skill level 1 in Polearms
  1664 | D:2      | XOM: god gift: 36 gold pieces
  2155 | D:3      | Reached XP level 5. HP: 41/41 MP: 6/6
  2339 | D:3      | Reached skill level 1 in Spellcasting
  2377 | D:3      | XOM: 3-stop teleportation journey
  2532 | D:3      | Reached skill level 1 in Stealth
  2627 | D:3      | XOM: cloud trail
  2826 | D:3      | Reached XP level 6. HP: 44/48 MP: 7/7
  3303 | D:4      | XOM: enchant monster (good)
  3366 | D:4      | a ribbon worm changed into a polar bear
  3366 | D:4      | Noticed a polar bear
  3368 | D:4      | XOM: noise
  3370 | D:4      | Noticed an ice beast
  3374 | D:4      | Killed a polar bear
  3374 | D:4      | Killed by an exploding polar bear... ignited by their inner
                  | flame

Illustrated notes

Levels and vault maps discovered:
D:1:      dpeg_arrival_solitude, layout_rooms,
          hellmonk_ecumenical_altar_leap_of_faith, minmay_ruptured
D:2:      minmay_evil_eye, layout_basic
D:3:      minmay_goblin_kobold_castle, layout_loops_corners
D:4:      layout_rooms, minmay_temple_entry_butterflies, minmay_pentangle

Skill      XL: |  1  2  3  4  5  6 |
---------------+-------------------+-----
Dodging        | 1 2 |  2.5
Armour         | 2 3 |  3.1
Polearms       | 1 |  1.4
Spellcasting   | 1 |  1.4
Stealth        | 1 |  1.3
Fighting       | 4 |  4.0
Axes           | 4 |  4.1

Action                     |  1- 3 |  4- 6 || total
---------------------------+-------+-------++-------
  Melee: Hand axe          |    67 |   187 ||   254
         Dagger            |    65 |   100 ||   165
         Spear             |       |    84 ||    84
    Use: Scroll            |       |    10 ||    10
         Potion            |       |     6 ||     6
   Stab: Sleeping          |     1 |     1 ||     2
         Petrifying        |       |     2 ||     2
         Confused          |       |     1 ||     1
         Petrified         |       |     5 ||     5
 Armour: Leather armour    |    51 |   134 ||   185
         Chain mail        |       |    35 ||    35
  Dodge: Dodged            |    54 |   156 ||   210

Table legend: (Time is in decaauts)
 A = Elapsed time spent in this place.
 B = Non-inter-level travel time spent in this place.
 C = Inter-level travel time spent in this place.
 D = Time resting spent in this place.
 E = Time spent auto-exploring this place.
 F = Levels seen in this place.
 G = Mean time per level.
                   A        B        C        D        E       F      G
               +--------+--------+--------+--------+--------+-----+--------+
         Total |   3414 |   3204 |    210 |    112 |   2259 |   4 |  853.5 |
       Dungeon |   3414 |   3204 |    210 |    112 |   2259 |   4 |  853.5 |
               +--------+--------+--------+--------+--------+-----+--------+

Top non-repeatable levels by time:
     D:3: 1533 daAuts
     D:2: 989 daAuts
     D:1: 779 daAuts
     D:4: 111 daAuts
